 Dungeon Crawl Stone Soup version 0.28-a0-1447-ga5a8893891 (webtiles) character file.

Game seed: 10169489495725751636

3 hashsling the Magician (level 1, 10/10 HPs)
             Began as a Deep Elf Air Elementalist on Jan 11, 2022.
             Quit the game on level 1 of the Dungeon.
             The game lasted 00:00:49 (341 turns).

hashsling the Magician (Deep Elf Air Elementalist)   Turns: 341, Time: 00:00:50

Health: 10/10      AC:  2    Str:  5    XL:     1   Next: 41%
Magic:  4/6        EV: 12    Int: 19    God:
Gold:   5          SH:  0    Dex: 15    Spells: 5/6 levels left

rFire   . . .      SeeInvis .   (no weapon)
rCold   . . .      Faith    .   (no shield)
rNeg    . . .      Spirit   .   a - +0 robe
rPois   .          Reflect  .   (no helmet)
rElec   .          Harm     .   (no cloak)
rCorr   .          Rampage  .   (no gloves)
Will    .....                   (no boots)
Stlth   ++........              (no amulet)
HPRegen 0.03/turn               (no ring)
MPRegen 0.10/turn               (no ring)

@: very slightly contaminated
A: no striking features
a: no special abilities


You were on level 1 of the Dungeon.
You visited 1 branch of the dungeon, and saw 1 of its levels.

You collected 5 gold pieces.

Inventory:

Hand Weapons
 b - a +0 mace
Armour
 a - a +0 robe (worn)


   Skills:
 - Level 2.4 Dodging
 - Level 2.4 Stealth
 + Level 3.1 Spellcasting
 + Level 1.2 Conjurations
 + Level 3.0 Air Magic


You had 5 spell levels left.
You knew the following spells:

 Your Spells              Type           Power      Damage    Failure   Level
a - Shock                 Conj/Air       44%        1d5       6%          1

Your spell library contained the following spells:

 Spells                   Type           Power      Damage    Failure   Level
 Static Discharge         Conj/Air       11%        N/A       10%         2
 Swiftness                Air            14%        N/A       13%         3
 Airstrike                Air            7%         N/A       38%         4


Dungeon Overview and Level Annotations

Branches:
Dungeon (1/15)

Altars:


Message History

The zap misses the ball python.
That beam is likely to hit you.
Continue anyway? [Y]es or [N]o only, please.
That beam is likely to hit you.
Continue anyway?
The zap hits the ball python.
The ball python is moderately wounded.
The zap misses the ball python.
The zap misses you. That beam is likely to hit you.
Continue anyway?
The zap hits the ball python.
The ball python is heavily wounded.
The zap misses the ball python.
The zap hits you. The ball python bites you. The ball python barely misses you.
That beam is likely to hit you.
Continue anyway?
The zap hits the ball python.
You kill the ball python!
The zap hits you.
Ouch! That really hurt!
* * * LOW HITPOINT WARNING * * *
Magic restored.
HP restored.
A hobgoblin comes into view.
The zap hits the hobgoblin.
The hobgoblin is heavily wounded.
The hobgoblin shouts!
The zap hits the hobgoblin.
The hobgoblin is severely wounded.
The zap misses the hobgoblin.
The zap hits the hobgoblin.
You kill the hobgoblin!
Found a mace.
You now have 5 gold pieces.
A frilled lizard comes into view.
You miscast Shock.
You are very lightly contaminated with residual magic.
Nothing appears to happen.
The zap hits the frilled lizard.
You kill the frilled lizard!
You see here a +0 mace.
b - a +0 mace Are you sure you want to abandon this character and quit the game? (Confirm with "yes".)

.... #....................
#...###..#####.###.##.##.#.
#..........................
............##.###.##.##.#.
...........................
............#..............
.....##.###.#..###.##.##.#.
... #.###.#..# #.##....#. .
#...@....# # #......
..................##.####.
..........................
..........................
...#..........########..##
...#..........# ###.# ..
#..........# #...#
#..........# ##.### #....#


There were no monsters in sight!

Vanquished Creatures
  A ball python (D:1)
  A hobgoblin (D:1)
  A frilled lizard (D:1)
3 creatures vanquished.

Notes
Turn   | Place    | Note
-------+----------+-------------------------------------------
     0 | D:1      | hashsling the Deep Elf Air Elementalist began the quest for
                  | the Orb.
     0 | D:1      | Reached XP level 1. HP: 10/10 MP: 6/6
   341 | D:1      | Quit the game

Illustrated notes

Levels and vault maps discovered:
D:1:      psy_arrival_radial01, layout_basic, basic_ecumenical_altar,
          serial_bayou_pond_a

Action                   || total
-------------------------++-------
 Cast: Shock             ||    10
Dodge: Dodged            ||     2

Table legend: (Time is in decaauts)
 A = Elapsed time spent in this place.
 B = Non-inter-level travel time spent in this place.
 C = Inter-level travel time spent in this place.
 D = Time resting spent in this place.
 E = Time spent auto-exploring this place.
 F = Levels seen in this place.
 G = Mean time per level.
                   A        B        C        D        E       F      G
               +--------+--------+--------+--------+--------+-----+--------+
         Total |    341 |    341 |      0 |      0 |    321 |   1 |  341.0 |
       Dungeon |    341 |    341 |      0 |      0 |    321 |   1 |  341.0 |
               +--------+--------+--------+--------+--------+-----+--------+

Top non-repeatable levels by time:
     D:1: 341 daAuts
